AoeStats
← teodoro kaplan

Arabia

506235520Analyzed
4v4 RM · 21d ago on Sep 12, 2026· 31m 30s· 8 players
Game mode
Random Map
Map size
Large (8 player)
Population
200
Speed
Normal
Resources
Standard
Victory
Conquest
Starting age
Dark Age
Ending age
Imperial Age
RankedLock teamsTeams togetherTeam positionsShared explorationLock speedFull tech treeHidden civsTurbo modeCheats
Victory
Defeat
🇦🇷 Vietnamese · Argentina
1087
+14
🇦🇷 Maya · Argentina
1083
+15
🇦🇷 Franks · Argentina
1017
+17
🇦🇷 Magyars · Argentina
1013
+18
🇺🇸 Koreans · United States
1069
-17
🇪🇸 Tatars · Spain
1052
-16
🇬🇧 Mongols · United Kingdom
1042
-16
🇬🇧 Romans · United Kingdom
1034
-15
Garsomon
8:17 Loom
10:03 Feudal Age
10:56 Double-Bit Axe
12:11 Loom
15:23 Fletching
16:30 Gold Mining
17:18 Padded Archer Armor
22:19 Forging
22:10 Scale Mail Armor
25:06 Castle Age
25:10 Crossbowman
25:57 Thumb Ring
25:50 Bodkin Arrow
28:20 Ballistics
28:56 Bow Saw
petut
0:27 Loom
10:12 Feudal Age
10:49 Double-Bit Axe
15:02 Fletching
17:02 Padded Archer Armor
17:46 Wheelbarrow
22:32 Castle Age
22:35 Crossbowman
23:29 Bow Saw
23:17 Bodkin Arrow
23:26 Gold Mining
25:01 Ballistics
26:25 Leather Archer Armor
26:20 Stone Mining
29:16 Hand Cart
31:28 Hul'che Javelineers
31:49 Thumb Ring
teodoro kaplan
6:50 Loom
9:22 Feudal Age
12:44 Double-Bit Axe
17:49 Horse Collar
20:14 Bloodlines
20:19 Scale Barding Armor
20:56 Arson
27:22 Castle Age
26:52 Scale Mail Armor
26:50 Arson
28:37 Bow Saw
30:55 Heavy Plow
31:04 Husbandry
31:29 Chain Barding Armor
elzucu
11:23 Feudal Age
12:10 Double-Bit Axe
15:00 Wheelbarrow
23:16 Castle Age
22:14 Gold Mining
27:05 Bow Saw
29:01 Forging
i aM Dixon x
4:37 Loom
11:52 Feudal Age
14:09 Double-Bit Axe
17:07 Castle Age
16:09 Wheelbarrow
17:01 Gold Mining
17:39 Forging
17:34 Scale Barding Armor
19:25 Bloodlines
21:55 Horse Collar
30:56 Iron Casting
AndersonGym
10:32 Feudal Age
11:06 Double-Bit Axe
14:58 Loom
15:48 Wheelbarrow
18:54 Castle Age
21:39 Man-at-Arms
23:10 Long Swordsman
23:51 Squires
24:06 Forging
23:58 Scale Mail Armor
24:00 Squires
24:54 Wheelbarrow
Manolo el Cucarachas
2:59 Loom
12:08 Feudal Age
13:24 Double-Bit Axe
14:00 Bloodlines
14:00 Horse Collar
30:48 Castle Age
fatmuddybear
10:33 Feudal Age
11:31 Double-Bit Axe
Connection lost

Rejoining the realm…

Still unreachable

The connection could not be restored.

Session expired

The server has moved on; the page needs a fresh start.